 Dungeon Crawl Stone Soup version 0.18.1-6-gd335043 (webtiles) character file.

241 NoLuckNoSkill the Cudgeler (level 5, -1/43 HPs)
             Began as a Mummy Chaos Knight on May 17, 2016.
             Slain by Jessica the guardian serpent (shapeshifter) (9 damage)
             ... on level 2 of the Dungeon.
             The game lasted 00:05:46 (2451 turns).

NoLuckNoSkill the Cudgeler (Mummy Chaos Knight)     Turns: 2451, Time: 00:05:47

Health: -1/43      AC:  8    Str: 16    XL:     5   Next: 80%
Magic:  5/5        EV: 11    Int: 11    God:    Xom [.*....]
Gold:   104        SH:  0    Dex: 12    Spells: 0 memorised, 4 levels left

rFire  x . .     SeeInvis +     a - +0 mace (chaos)
rCold  + . .     Gourm    .     b - +2 leather armour
rNeg   + + +     Faith    .     (no shield)
rPois  ∞         Spirit   .     i - +2 helmet
rElec  .         Dismiss  .     (no cloak)
rCorr  .         Reflect  .     (no gloves)
SustAt .         Harm     .     (no boots)
MR     .....                    (no amulet)
Stlth  +.........               (no ring)
                                c - ring of see invisible

@: not resistant to hostile enchantments, very unstealthy
A: no food or potions, fire vulnerability, cold resistance 1, negative energy
resistance 3, torment resistance, unbreathing
a: Renounce Religion


You were on level 2 of the Dungeon.
You worshipped Xom.
You were a plaything of Xom.
You were not hungry.

You visited 1 branch of the dungeon, and saw 2 of its levels.

You collected 104 gold pieces.

Inventory:

Hand Weapons
 a - a +0 mace of chaos (weapon)
 f - a +4 mace
Armour
 b - a +2 leather armour (worn)
 i - a +2 helmet (worn)
Jewellery
 c - a ring of see invisible (left hand)
Wands
 d - a wand of digging (16/24)
 e - a wand of paralysis (12/24)
 g - a wand of teleportation (6/9)


   Skills:
 + Level 4.5 Fighting
 * Level 4.6 Maces & Flails
 - Level 1.5 Armour
 - Level 0.7 Dodging


You had 4 spell levels left.
You didn't know any spells.

Dungeon Overview and Level Annotations

Branches:
Dungeon (2/15)

Altars:

Annotations:
D:2 Jessica


Innate Abilities, Weirdness & Mutations

You do not eat or drink.
Your flesh is vulnerable to fire.
You are immune to poison.
Your flesh is cold resistant.
You are immune to negative energy.
You are immune to unholy pain and torment.
You can survive without breathing.


Message History

You feel weird for a moment.
There is a stone staircase leading up here.
You see here 19 stones.
Unknown command.
Jessica hits you.
You closely miss Jessica.
Xom decides to rearrange the pieces.
You swap places with Jessica.
Jessica looks rather confused.
You hit Jessica but do no damage. Jessica hits you!
There is a stone staircase leading up here.
You see here 19 stones.
Jessica seems less confused.
Jessica hits you but does no damage.
You miss Jessica. Jessica hits you!! x2
You die... "Hey, things were just getting interesting!"
Xom revives you! Jessica hits you!
You die...
Xom thinks this is hilarious!

##.....#....##................#..
#..###.#.######....<..........#.[
#.##.....# #........)......###
..##.....#######........<....##
...........##...............##
###..............(..........##
####........().(....#...#....####
.# ####.##.[...(S...#......#!##..
.# ##....(.(.)@(..)............
.# #....)[#...(##..#...#.#.....
.#####......#....###.#...#.####..
............#....# #.....#.####..
.###..≈≈≈...#....# ##..........##
.# #.≈≈≈≈≈..#....# #.>........#
.###.≈≈≈≈≈..###..####..........#
.."..≈≈≈≈≈..# ##...............#
###..≈≈≈≈≈..# ######..........##


You could see Jessica the guardian serpent.

Vanquished Creatures
  Sigmund (D:2)
  Robin (D:2)
  A dart slug (D:1)
  4 giant geckos
  19 goblins
  4 hobgoblins (D:1)
  5 jackals (D:1)
  8 kobolds
  A bat (D:2)
  9 giant newts
  3 rats
56 creatures vanquished.

Vanquished Creatures (collateral kills)
  An adder (D:2)
  A hobgoblin (D:2)
2 creatures vanquished.

Vanquished Creatures (others)
  A goblin (D:1)
1 creature vanquished.

Grand Total: 59 creatures vanquished

Notes
Turn   | Place    | Note
--------------------------------------------------------------
     0 | D:1      | NoLuckNoSkill the Mummy Chaos Knight began the quest for the Orb.
     0 | D:1      | Reached XP level 1. HP: 18/18 MP: 1/1
    71 | D:1      | XOM: potion effect (heal wounds)
    73 | D:1      | Reached XP level 2. HP: 24/24 MP: 2/2
   150 | D:1      | XOM: swap monsters
   477 | D:1      | XOM: vitrification
   480 | D:2      | Noticed Sigmund
   530 | D:2      | Noticed Robin
   531 | D:2      | Reached XP level 3. HP: 24/29 MP: 3/3
   944 | D:1      | XOM is BORED!
   944 | D:1      | XOM: chaos cloud
  1510 | D:2      | Killed Robin
  1510 | D:2      | Reached XP level 4. HP: 20/37 MP: 4/4
  1771 | D:2      | XOM: confuse monster(s)
  1780 | D:2      | Killed Sigmund
  1780 | D:2      | Reached XP level 5. HP: 43/43 MP: 5/5
  1820 | D:2      | XOM: summons 2 hostile demons
  1838 | D:2      | HP: 1/43 [iron imp[Xom] (10)]
  1838 | D:2      | XOM: butterfly on damage
  2148 | D:2      | Noticed Jessica
  2150 | D:2      | Jessica changed into Jessica the killer bee
  2150 | D:2      | XOM: polymorph Jessica -> Jessica the killer bee
  2156 | D:2      | Noticed Jessica
  2156 | D:2      | Jessica the killer bee changed into Jessica the wolf
  2160 | D:2      | Noticed Jessica
  2160 | D:2      | Noticed Jessica
  2160 | D:2      | Jessica the mottled dragon changed into Jessica the tarantella
  2166 | D:2      | XOM: enchant monster (good)
  2178 | D:2      | Noticed Jessica
  2178 | D:2      | Jessica the tarantella changed into Jessica the octopode
  2179 | D:2      | XOM: cast spell 'Call Canine Familiar'
  2180 | D:2      | XOM: 5-stop teleportation journey
  2250 | D:2      | Noticed Jessica
  2251 | D:2      | XOM: noise
  2444 | D:2      | XOM: medium Necr miscast
  2446 | D:2      | XOM: swap monsters
  2450 | D:2      | Xom revived you
  2451 | D:2      | Slain by Jessica the guardian serpent (shapeshifter)

Skill      XL: |  1  2  3  4 |
---------------+-------------+-----
Maces & Flails | 3 4 |  4.6
Fighting       | 4 |  4.5
Armour         | |  1.5
Dodging        | |  0.7

Action                   |  1- 3 |  4- 6 || total
-------------------------+-------+-------++-------
Melee: Mace              |   122 |    67 ||   189
  Use: Scroll            |       |     5 ||     5
 Stab: Confused          |       |     3 ||     3
Armor: Leather armour    |    60 |    56 ||   116
Dodge: Dodged            |   127 |    68 ||   195
